 Dungeon Crawl Stone Soup version 0.27.0-1-g7a089689b8 (webtiles) character file.

Game seed: 14361896541718398856

0 SnakkuSnakku7 the Grave Robber (level 1, 0/10 HPs)
             Began as a Gargoyle Necromancer on Aug 5, 2021.
             Slain by a jackal (2 damage)
             ... on level 1 of the Dungeon.
             The game lasted 00:00:10 (41 turns).

SnakkuSnakku7 the Grave Robber (Gargoyle Necromancer) Turns: 41, Time: 00:00:11

Health: 0/10       AC:  4    Str: 11    XL:     1   Next: 10%
Magic:  2/3        EV: 11    Int: 15    God:
Gold:   12         SH:  0    Dex: 10    Spells: 3/4 levels left

rFire    . . .     SeeInvis .   (no weapon)
rCold    . . .     Faith    .   (no shield)
rNeg     + . .     Spirit   .   a - +0 robe
rPois    ∞         Reflect  .   (no helmet)
rElec    +         Harm     .   (no cloak)
rCorr    .         Rampage  .   (no gloves)
Will     .....                  (no boots)
Stlth    ++........             (no amulet)
HPRegen  0.03/turn              (no ring)
MPRegen  0.08/turn              (no ring)

@: no status effects
A: sickness immunity, AC +2, negative energy resistance 1, electricity
resistance, torment resistance 1, petrification resistance
a: no special abilities


You were on level 1 of the Dungeon.
You visited 1 branch of the dungeon, and saw 1 of its levels.

You collected 12 gold pieces.

Inventory:

Hand Weapons
 b - a +1 trident of venom
Armour
 a - a +0 robe (worn)


   Skills:
 - Level 1.5 Dodging
 - Level 2.1 Stealth
 - Level 2.0 Spellcasting
 + Level 3.3 Necromancy


You had 3 spell levels left.
You knew the following spells:

 Your Spells              Type           Power      Damage    Failure   Level
a - Pain                  Necr           44%        1d6       6%          1

Your spell library contained the following spells:

 Spells                   Type           Power      Damage    Failure   Level
 Animate Skeleton         Necr           22%        N/A       6%          1
 Vampiric Draining        Necr           5%         2d6       17%         3
 Animate Dead             Necr           5%         N/A       50%         4
 Agony                    Necr           11%        N/A       85%         5


Dungeon Overview and Level Annotations

Branches:
Dungeon (1/15)

Altars:

Shops:
D:1 (


Innate Abilities, Weirdness & Mutations

You are immune to sickness and miasma.
Your stone body is resilient. (AC +2)
You are immune to poison.
You resist negative energy. (rN+)
You are resistant to electric shocks. (rElec)
You are resistant to unholy torment.
You are immune to petrification.


Message History

Casting: Pain (safe; 6% risk of failure)
Confirm with . or Enter, or press ? or * to list all spells.
Aiming: Pain (safe; 6% risk of failure)
Press: ? - help, Shift-Dir - straight line, f - quokka
Aim: a quokka (chance to affect: 80%)
The quokka writhes in agony.
A ball python comes into view.
The ball python hisses angrily.
The quokka bites you but does no damage.
An endoplasm comes into view.
A jackal comes into view.
The jackal barks!
Found 2 red potions.
A jackal comes into view. x2
The ball python barely misses you. The ball python closely misses you.
A giant cockroach comes into view.
The jackal barks!
The endoplasm quivers.
The endoplasm freezes you.
You are frozen.
The jackal bites you but does no damage.
The endoplasm hits you. The quokka closely misses you.
You see here a +1 trident of venom.
b - a +1 trident of venom The jackal bites you but does no damage.
The jackal bites you.
* * * LOW HITPOINT WARNING * * *
The ball python bites you but does no damage.
The ball python barely misses you. The endoplasm hits you.
* * * LOW HITPOINT WARNING * * *
The jackal barely misses you. The quokka closely misses you.
The jackal barely misses you. The ball python closely misses you.
The ball python misses you.
The jackal barks!
The ball python barely misses you. The ball python grabs you.
The ball python constricts you.
You escape the ball python's grasp.
The jackal barely misses you.
The jackal bites you but does no damage.
The jackal bites you.
You die...

###. ##########....
#....!.......
#..........#
#.........#####
#...hJ.........
####....hB..# #.. ##
.......@hS..# #.###.#
∩.......r...###.#...###
...#...................
# ###########.........
#.#######..........
##...............l..
#...................
#........≈##.#######
#........≈.#.#


You could see an endoplasm, a quokka, 3 jackals, a giant cockroach and a ball
python.

Vanquished Creatures
  A rat (D:1)
1 creature vanquished.

Notes
Turn   | Place    | Note
-------+----------+-------------------------------------------
     0 | D:1      | SnakkuSnakku7 the Gargoyle Necromancer began the quest for
                  | the Orb.
     0 | D:1      | Reached XP level 1. HP: 10/10 MP: 3/3
    41 | D:1      | Found Osieceo's Antique Weapon Shop.
    41 | D:1      | Slain by a jackal

Illustrated notes

Levels and vault maps discovered:
D:1:      psy_arrival_radial02, layout_rooms, serial_shops, shop,
          minmay_lizard_king

Action                   || total
-------------------------++-------
 Cast: Pain              ||     2
Armor: Robe              ||     5
Dodge: Dodged            ||    11
